 Dungeon Crawl Stone Soup version 0.28.0-45-g0d030f2227 (webtiles) character file.

Game seed: 1258791575108182734

20836 Bearnado the Archer (level 12, -7/110 HPs)
             Began as a Minotaur Berserker on Apr 19, 2022.
             Was a High Priest of Trog.
             Killed from afar by a tengu conjurer (31 damage)
             ... with a bolt of lightning
             ... on level 11 of the Dungeon.
             The game lasted 00:42:50 (11192 turns).

Bearnado the Archer (Minotaur Berserker)           Turns: 11192, Time: 00:42:56

Health: -7/110     AC: 15    Str: 28    XL:     12   Next: 48%
Magic:  11/11      EV: 12    Int:  4    God:    Trog [*****.]
Gold:   654        SH:  5    Dex: 12    Spells: 11/11 levels left

rFire   . . .      SeeInvis .   a - +3 morningstar "Qovom" {venom, rC+ Str+3}
rCold   + + +      Faith    .   (no shield)
rNeg    . . .      Spirit   .   v - +0 ice dragon scales
rPois   .          Reflect  +   u - +0 hat
rElec   .          Harm     .   C - +0 cloak
rCorr   .          Rampage  .   B - +0 pair of gloves
Will    +....                   (no boots)
Stlth   ..........              p - amulet of reflection
HPRegen 0.28/turn               g - ring of protection from fire
MPRegen 0.12/turn               b - ring of willpower

@: on berserk cooldown, slowed, very slow
A: horns 2, retaliatory headbutt
a: Renounce Religion, Berserk, Trog's Hand, Brothers in Arms


You were on level 11 of the Dungeon.
You worshipped Trog.
Trog was extremely pleased with you.
You visited 1 branch of the dungeon, and saw 11 of its levels.
You also visited: Ossuary.

You collected 654 gold pieces.

Inventory:

Hand Weapons
 a - the +3 morningstar "Qovom" (weapon) {venom, rC+ Str+3}
   (You found it on level 6 of the Dungeon)

   It poisons the flesh of those it strikes.
   Str:       It affects your strength (+3).
   rC:        It protects you from cold.
 d - a +1 vorpal dire flail
 n - the +5 longbow of the Slime-mould {speed, rCorr}
   (You found it on level 2 of the Dungeon)

   Attacks with this weapon are significantly faster.
   rCorr:     It protects you from acid and corrosion.
 o - a +4 hand axe
 r - a +4 vampiric whip
 w - a +1 flail of draining
 y - a +3 scimitar of flaming
 F - a +0 quarterstaff
 G - a +1 hunting sling of freezing
 X - a +2 vorpal spear
Missiles
 c - 77 bolts
 e - 238 stones
 f - 3 throwing nets
 j - 106 arrows
 q - 2 curare-tipped darts
 E - 35 sling bullets
 J - 2 boomerangs
Armour
 u - a +0 hat (worn)
 v - +0 ice dragon scales (worn)
 z - a +1 robe of cold resistance
 B - a +0 pair of gloves (worn)
 C - a +0 cloak (worn)
 D - a +1 scale mail of fire resistance
 H - +0 steam dragon scales
 M - a scarf of shadows
 R - a +0 troll leather armour
Jewellery
 b - a ring of willpower (right hand)
 g - a ring of protection from fire (left hand)
 i - a ring of protection from cold
 p - an amulet of reflection (around neck)
 t - an amulet of guardian spirit
 x - a ring of protection from cold
Wands
 h - a wand of flame (22)
 k - a wand of acid (4)
 O - a wand of iceblast (16) (quivered)
 U - a wand of polymorph (21)
Scrolls
 s - a scroll of teleportation {unknown}
 K - a scroll of enchant armour {unknown}
 N - a scroll of identify
 P - a scroll of silence {unknown}
Potions
 l - 3 potions of might
 m - 9 potions of curing
 A - 2 potions of heal wounds
 I - a potion of mutation {unknown}
 L - 2 potions of resistance
 Q - a potion of attraction {unknown}
 Z - 6 potions of haste


   Skills:
 + Level 11.3 Fighting
 + Level 7.9(10.6) Axes
 + Level 11.3(12.5) Maces & Flails
 + Level 3.8(8.2) Staves
 + Level 12.5 Bows
 + Level 0.5 Throwing
 + Level 9.4 Armour
 + Level 5.5 Dodging
 + Level 2.1 Stealth
 + Level 3.3 Shields
 + Level 0.1 Evocations


You had 11 spell levels left.
You didn't know any spells.
Your spell library was empty.

Dungeon Overview and Level Annotations

Branches:
Dungeon (11/15)            Temple (0/1) D:7            Lair (0/6) D:8
    Orc (0/2) D:11        Ossuary (visited)

Altars:
Ashenzari
Cheibriados
Dithmenos
Hepliaklqana
Makhleb
Sif Muna
Yredelemnul

Shops:
D:4 =


Innate Abilities, Weirdness & Mutations

You have a pair of horns on your head.
You reflexively headbutt those who attack you in melee.


Message History

The deep elf pyromancer blinks!
The battlesphere is engulfed in blazing flames.
The fire elemental hits you. The fire elemental burns you!
* * * LOW HITPOINT WARNING * * *
Unknown command.
You puncture the deep elf pyromancer!
You kill the deep elf pyromancer!
Trog accepts your kill.
Trog appreciates your killing of a magic user.
You hear a splash. x2
The fire elemental disappears in a puff of smoke!
The battlesphere is engulfed in blazing flames.
You feel better. The tengu conjurer blocks your attack.
The tengu conjurer is almost dead.
The tengu conjurer hits you.
* * * LOW HITPOINT WARNING * * *
You block the tengu conjurer's attack.
The tengu conjurer barely misses you. x2
You furiously retaliate!
You headbutt the tengu conjurer.
The tengu conjurer pecks you but does no damage.
The tengu conjurer claws you but does no damage.
You closely miss the tengu conjurer.
Your headbutt misses the tengu conjurer.
The tengu conjurer is almost dead.
The tengu conjurer barely misses you. You furiously retaliate!
You headbutt the tengu conjurer. The tengu conjurer misses you.
The tengu conjurer barely misses you. The tengu conjurer blocks your attack.
Your headbutt misses the tengu conjurer.
The tengu conjurer is almost dead.
The tengu conjurer barely misses you. The tengu conjurer misses you.
The tengu conjurer claws you but does no damage.
You miss the tengu conjurer.
The tengu conjurer is almost dead.
You block the tengu conjurer's attack.
The tengu conjurer pecks you but does no damage.
The tengu conjurer barely misses you.
The tengu conjurer points at you and mumbles some strange words.
The bolt of lightning hits you!!
You die...

#..#..#..# #....
..#..#[.#§.#..# #####
⌠...)........⌠# ##')##
#≈..≈# ####### #≈..≈#
#:...## ####''#######
#.##.## #≈≈*Q)≈≈≈≈≈≈#
#....##
#≈##@....##≈######'##
#≈#...⌠...#≈#........
#≈..⌠...⌠..≈#..####..
#≈.........≈#.......)
.'≈.⌠.._..⌠.))..####..
###≈.........≈#........
#≈..⌠...⌠..≈#..####..
#≈#...⌠...#≈#.!......
#≈##.....##≈######'##


You could see a tengu conjurer and a battlesphere.

Vanquished Creatures
  Josephine (D:10)
  Harold (D:8)
  Erolcha (D:10)
  An ogre mage (D:10)
  Erica (D:9)
  4 two-headed ogres
  6 deep elf pyromancers (D:11)
  2 orc sorcerers (D:11)
  A deep elf zephyrmancer (D:11)
  2 cyclopes
  Joseph (D:10)
  2 gargoyles
  2 kobold demonologists (D:11)
  5 tengu conjurers (D:11)
  A komodo dragon (D:9)
  5 trolls
  Prince Ribbit (D:9)
  A hornet (D:10)
  A meliai zombie (D:10)
  5 wraiths (D:10)
  A wyvern (D:7)
  A shadow (D:6)
  A vampire (D:11)
  A basilisk (D:10)
  3 steam dragons
  A black bear (D:6)
  2 ice beasts
  A necrophage (D:5)
  2 ogres
  8 centaurs
  A phantom (D:4)
  4 kobold brigands
  A bullfrog (D:8)
  11 scorpions
  A water moccasin zombie (D:5)
  A water moccasin skeleton (D:5)
  6 killer bees (D:6)
  9 wights
  3 howler monkeys
  15 centaur zombies
  A human zombie (Ossuary)
  An iron imp (D:4)
  3 gnoll shamans
  2 bullfrog skeletons
  A hound (D:5)
  6 orc priests
  6 iguanas
  9 orc wizards
  4 scorpion zombies (Ossuary)
  2 killer bee zombies
  A hound skeleton (D:4)
  3 howler monkey zombies (D:9)
  3 mummies (Ossuary)
  11 gnolls
  5 adders
  An ufetubus (D:7)
  4 worms
  3 dart slugs
  20 orcs
  7 ball pythons
  9 endoplasms
  A giant cockroach (D:1)
  2 gnoll zombies (Ossuary)
  6 goblins
  5 hobgoblins
  24 kobolds
  4 quokkas
  4 bats
  3 frilled lizards
  3 goblin zombies (Ossuary)
  3 hobgoblin zombies (Ossuary)
  2 kobold zombies (Ossuary)
  An orc zombie (Ossuary)
  4 rats
281 creatures vanquished.

Vanquished Creatures (others)
  A gnoll (D:9)
  A frilled lizard (D:9)
  7 plants (D:9)
9 creatures vanquished.

Grand Total: 290 creatures vanquished

Notes
Turn   | Place    | Note
-------+----------+-------------------------------------------
     0 | D:1      | Bearnado the Minotaur Berserker began the quest for the
                  | Orb.
     0 | D:1      | Reached XP level 1. HP: 19/19 MP: 0/0
   412 | D:1      | Reached XP level 2. HP: 27/27 MP: 1/1
  1023 | D:2      | Reached XP level 3. HP: 33/33 MP: 2/2
  1365 | D:2      | Identified the +5 longbow of the Slime-mould {speed, rCorr}
  1636 | D:2      | Reached ** piety under Trog
  1889 | D:3      | Noticed a centaur
  1891 | D:3      | Killed a centaur
  1892 | D:3      | Reached skill level 5 in Axes
  1892 | D:3      | Reached skill level 1 in Bows
  1892 | D:3      | Reached XP level 4. HP: 41/41 MP: 3/3
  2025 | D:3      | Reached XP level 5. HP: 47/47 MP: 4/4
  2239 | D:3      | Reached skill level 2 in Bows
  2819 | D:3      | Found a hazy altar of Hepliaklqana.
  2962 | D:4      | You fall into a shaft and drop 3 floors!
  2962 | D:7      | Found a burning altar of Makhleb.
  2964 | D:7      | Noticed a centaur
  2967 | D:7      | Killed a centaur
  2968 | D:7      | Reached skill level 5 in Fighting
  2968 | D:7      | Reached skill level 3 in Bows
  2968 | D:7      | Reached XP level 6. HP: 55/56 MP: 5/5
  3032 | D:7      | Noticed a wyvern
  3065 | D:6      | Reached skill level 4 in Bows
  3067 | D:6      | Reached skill level 1 in Stealth
  3148 | D:6      | Reached skill level 5 in Bows
  3148 | D:6      | Reached XP level 7. HP: 49/61 MP: 6/6
  3165 | D:6      | Found a sand-covered staircase.
  3182 | Ossuary  | Entered an ossuary
  3391 | Ossuary  | Reached *** piety under Trog
  3437 | Ossuary  | Reached skill level 1 in Maces & Flails
  3437 | Ossuary  | Reached skill level 6 in Bows
  3470 | Ossuary  | Reached XP level 8. HP: 70/70 MP: 7/7
  3757 | Ossuary  | Reached skill level 7 in Bows
  3995 | D:5      | Entered Level 5 of the Dungeon
  4189 | D:4      | Reached skill level 5 in Armour
  4290 | D:4      | Reached XP level 9. HP: 79/79 MP: 8/8
  4406 | D:4      | Found Egor's Jewellery Shoppe.
  4651 | D:4      | Reached **** piety under Trog
  4738 | D:4      | Found a snail-covered altar of Cheibriados.
  4839 | D:5      | Reached skill level 8 in Bows
  5059 | D:5      | Noticed a troll
  5068 | D:5      | Killed a troll
  5472 | D:6      | Identified the +3 morningstar "Qovom" {venom, rC+ Str+3}
  5668 | D:6      | Reached skill level 9 in Bows
  6202 | D:7      | Found a staircase to the Ecumenical Temple.
  6384 | D:7      | Reached XP level 10. HP: 67/88 MP: 9/9
  6935 | D:8      | Found a shadowy altar of Dithmenos.
  6935 | D:8      | Found a shimmering blue altar of Sif Muna.
  7073 | D:8      | Reached ***** piety under Trog
  7207 | D:8      | Found a staircase to the Lair.
  7298 | D:8      | Noticed Harold
  7311 | D:8      | Killed Harold
  7312 | D:8      | Reached skill level 10 in Bows
  7661 | D:9      | Reached skill level 5 in Maces & Flails
  7692 | D:9      | Noticed Prince Ribbit
  7695 | D:9      | Killed Prince Ribbit
  7834 | D:9      | Noticed a two-headed ogre
  7841 | D:9      | Killed a two-headed ogre
  7842 | D:9      | Reached skill level 11 in Bows
  8185 | D:9      | Noticed Erica
  8194 | D:9      | Killed Erica
  8311 | D:9      | Noticed a two-headed ogre
  8326 | D:9      | Killed a two-headed ogre
  8327 | D:9      | Reached skill level 1 in Shields
  8327 | D:9      | Reached XP level 11. HP: 97/97 MP: 10/10
  8384 | D:9      | Found a basalt altar of Yredelemnul.
  8464 | D:10     | Entered Level 10 of the Dungeon
  8495 | D:10     | Found a broken altar of Ashenzari.
  8574 | D:10     | Noticed Josephine
  8581 | D:10     | Killed Josephine
  8768 | D:10     | Noticed Joseph
  8774 | D:10     | Killed Joseph
  8983 | D:10     | Reached skill level 10 in Fighting
  8996 | D:10     | Noticed a two-headed ogre
  9001 | D:10     | Killed a two-headed ogre
  9077 | D:10     | Noticed Erolcha
  9082 | D:10     | Killed Erolcha
  9119 | D:10     | Reached skill level 5 in Dodging
  9426 | D:10     | Noticed an ogre mage
  9437 | D:10     | Paralysed by an ogre mage for 5 turns
  9442 | D:10     | Killed an ogre mage
  9852 | D:11     | Reached skill level 12 in Bows
  9858 | D:11     | Noticed a two-headed ogre
  9880 | D:11     | Killed a two-headed ogre
 10231 | D:11     | Found a staircase to the Orcish Mines.
 10446 | D:11     | Reached XP level 12. HP: 98/108 MP: 11/11
 10547 | D:11     | Reached skill level 10 in Maces & Flails
 10984 | D:11     | Found a shimmering blue altar of Sif Muna.
 11192 | D:11     | Killed from afar by a tengu conjurer

Illustrated notes

Levels and vault maps discovered:
D:1:      heliophobic_arrival_glass_houses, layout_basic
D:2:      layout_loops_corners
D:3:      layout_loops_corners, marbit_many_paths, minivault_14
D:4:      nicolae_cairo_tiling_very_big, layout_rooms, slow_altar_1,
          serial_shops, shop_fountains, cheibrodos_sewer_entry_bend,
          kennysheep_potato
D:5:      layout_cave_pools, grunt_ministairs_10, lemuel_old_faithful
D:6:      black_bear_nest_1, layout_rooms, enter_ossuary_1
D:7:      layout_rooms, mainiacjoe_overflow_catwalk,
          minmay_temple_entry_proselytizer
D:8:      layout_cave_pools, chequers_temple_overflow_statue_of_worship,
          lair_entry_dummy, serial_glass, glass_columns_a, glass_columns_a,
          minmay_strange_pillars, minmay_strange_pillars, item_on_display_a,
          minmay_strange_pillars, st_stairs_2, uniq_harold
D:9:      layout_roguey, nicolae_yredelemnul_corpse_copse, st_stairs_5,
          minmay_lizard_king, uniq_prince_ribbit1, uniq_erica
D:10:     minmay_cornered_nines, layout_stronghold,
          mainiacjoe_overflow_six_doors_small, kb_lookout_dungeons_type,
          uniq_josephine, uniq_erolcha, uniq_joseph
D:11:     evilmike_library_of_no_secrets, layout_basic, orc_0_dummy

Skill      XL: |  1  2  3  4  5  6  7  8  9 10 11 12 |
---------------+-------------------------------------+-----
Axes           | 4 5 7 |  7.9
Fighting       | 4 5 7 8 9 10 11 | 11.3
Bows           | 1 3 5 6 7 9 11 12 | 12.5
Dodging        | 3 4 5 |  5.5
Armour         | 3 4 5 6 7 8 9 |  9.4
Stealth        | 1 2 |  2.1
Maces & Flails | 1 4 6 9 11 | 11.3
Staves         | 2 3 |  3.8
Shields        | 1 2 3 |  3.3
Throwing       | |  0.5
Evocations     | |  0.1

Action                   |  1- 3 |  4- 6 |  7- 9 | 10-12 || total
-------------------------+-------+-------+-------+-------++-------
Melee: Hand axe          |    40 |    17 |    84 |       ||   141
       Headbutt          |     3 |     8 |    37 |    48 ||    96
       Flail             |       |    11 |       |       ||    11
       Quarterstaff      |       |       |    27 |       ||    27
       Punch             |       |       |     1 |     2 ||     3
       Morningstar       |       |       |    52 |   206 ||   258
       Dire flail        |       |       |       |    16 ||    16
 Fire: Longbow           |    16 |    42 |   124 |   148 ||   330
Throw: Stone             |       |       |     2 |       ||     2
Invok: Berserk           |       |     2 |     7 |     8 ||    17
       Trog's Hand       |       |       |       |     1 ||     1
Evoke: Wand              |       |       |       |     2 ||     2
  Use: Scroll            |       |       |     6 |     1 ||     7
       Potion            |       |       |       |     2 ||     2
 Stab: Distracted        |       |       |       |     1 ||     1
Armor: Animal skin       |     4 |       |       |       ||     4
       Scale mail        |       |    11 |    48 |       ||    59
       Ice dragon scales |       |       |    30 |   120 ||   150
Dodge: Dodged            |    28 |    21 |   118 |   138 ||   305
Block: Other             |       |       |       |    56 ||    56
       Reflection        |       |       |       |     5 ||     5
